AoeStats
← Yun

Oasis

507869492Analyzed
4v4 RM · 13d ago on Sep 20, 2026· 47m 48s· 8 players
Game mode
Random Map
Map size
Large (8 player)
Population
200
Speed
Normal
Resources
Standard
Victory
Conquest
Starting age
Dark Age
Ending age
Imperial Age
RankedLock teamsTeams togetherTeam positionsShared explorationLock speedFull tech treeHidden civsTurbo modeCheats
Victory
Defeat
🇨🇦 Celts · Canada
1137
+13
🇪🇨 Maya · Ecuador
1073
+16
🇦🇷 Magyars · Argentina
1072
+16
🇲🇽 Persians · Mexico
1032
+17
🇹🇼 Huns · Taiwan
1120
-18
🇻🇳 Celts · Vietnam
1070
-16
🇦🇺 Japanese · Australia
1039
-14
🇹🇼 Persians · Taiwan
1032
-27
Sebastián
6:57 Loom
9:36 Feudal Age
13:19 Forging
19:00 Castle Age
18:18 Bloodlines
18:20 Double-Bit Axe
22:29 Scale Barding Armor
24:56 Husbandry
39:30 Imperial Age
36:44 Horse Collar
37:00 Gold Mining
37:34 Chain Barding Armor
37:50 Iron Casting
39:34 Bow Saw
39:29 Heavy Plow
39:11 Cavalier
40:55 Plate Barding Armor
41:21 Blast Furnace
40:35 Savar
42:09 Wheelbarrow
45:24 Capped Ram
Lordcreos
0:28 Loom
10:16 Feudal Age
19:12 Castle Age
18:24 Double-Bit Axe
19:17 Fletching
21:42 Crossbowman
24:01 Bodkin Arrow
26:12 Wheelbarrow
27:29 Horse Collar
37:30 Ballistics
42:06 Imperial Age
39:54 Hand Cart
40:39 Gold Mining
40:40 Stone Mining
47:34 Bracer
48:20 Conscription
Yun
10:55 Feudal Age
15:05 Castle Age
13:59 Double-Bit Axe
16:42 Loom
20:02 Horse Collar
21:41 Pikeman
22:57 Bow Saw
24:12 Scale Mail Armor
25:43 Wheelbarrow
27:27 Chain Mail Armor
27:23 Forging
27:08 Gold Mining
27:13 Stone Mining
33:52 Imperial Age
31:41 Hand Cart
32:41 Gambesons
32:42 Arson
32:54 Stronghold
33:42 Iron Casting
32:58 Fletching
33:35 Padded Archer Armor
34:14 Heavy Scorpion
35:19 Halberdier
36:47 Plate Mail Armor
37:02 Capped Ram
39:02 Siege Ram
40:47 Blast Furnace
39:42 Bodkin Arrow
40:01 Furor Celtica
44:33 Elite Woad Raider
45:31 Leather Archer Armor
45:55 Hoardings
carcaage
8:25 Loom
11:03 Feudal Age
11:53 Double-Bit Axe
14:59 Wheelbarrow
16:53 Padded Archer Armor
20:43 Fletching
27:00 Castle Age
29:42 Bodkin Arrow
36:47 Hand Cart
39:18 Light Cavalry
40:09 Bloodlines
40:00 Husbandry
xoxodniw
4:20 Loom
12:25 Feudal Age
14:50 Town Watch
18:29 Castle Age
16:41 Double-Bit Axe
18:58 Castle Age
17:19 Fletching
18:33 Padded Archer Armor
20:55 Bodkin Arrow
bella98120
9:15 Feudal Age
16:02 Castle Age
14:22 Double-Bit Axe
14:37 Loom
15:38 Horse Collar
20:47 Bow Saw
24:02 Heavy Plow
25:34 Wheelbarrow
27:35 Hand Cart
29:34 Pikeman
44:19 Forging
44:10 Scale Mail Armor
45:47 Iron Casting
45:05 Town Watch
TheSpider007917
3:23 Loom
11:54 Feudal Age
12:49 Arson
12:55 Double-Bit Axe
13:47 Man-at-Arms
20:43 Castle Age
19:09 Horse Collar
19:48 Fletching
20:00 Scale Mail Armor
20:11 Forging
20:05 Stone Mining
22:01 Gold Mining
21:33 Long Swordsman
21:59 Gambesons
22:57 Squires
23:37 Elite Skirmisher
35:53 Crossbowman
36:56 Husbandry
37:06 Bloodlines
36:18 Light Cavalry
37:29 Bow Saw
38:45 Wheelbarrow
37:56 Town Watch
39:13 Thumb Ring
39:28 Heavy Plow
40:02 Hand Cart
43:02 Scale Barding Armor
42:34 Pikeman
44:00 Gold Shaft Mining
46:23 Murder Holes
46:39 Fortified Wall
46:40 Masonry
46:11 Treadmill Crane
46:51 Ballistics
49:19 Imperial Age
JoeLe3
9:34 Feudal Age
7:49 Loom
14:16 Fletching
14:26 Padded Archer Armor
15:03 Double-Bit Axe
17:57 Padded Archer Armor
24:13 Castle Age
22:19 Horse Collar
23:03 Gold Mining
24:20 Scale Mail Armor
24:31 Forging
26:04 Stone Mining
27:57 Wheelbarrow
28:57 Pikeman
31:11 Husbandry
34:18 Scale Barding Armor
34:24 Forging
35:23 Chain Barding Armor
35:58 Chain Mail Armor
38:54 Imperial Age
37:09 Hand Cart
37:30 Treadmill Crane
38:00 Masonry
39:41 Leather Archer Armor
39:21 Bodkin Arrow
39:27 Elite Skirmisher
43:14 Chemistry
42:14 Halberdier
44:18 Ring Archer Armor
43:59 Heavy Plow
44:09 Bow Saw
44:09 Capped Ram
Connection lost

Rejoining the realm…

Still unreachable

The connection could not be restored.

Session expired

The server has moved on; the page needs a fresh start.